NEW YORK Rangers vs CHICAGO Blackhawks

Created - 17 mars 2024 at 14:00

Goals
1 2 3 T
NEW YORK Rangers 5 0 0 5
CHICAGO Blackhawks 0 1 1 2
Shots
1 2 3 T
NEW YORK Rangers 17 10 13 40
CHICAGO Blackhawks 3 10 9 22

1st period

1. NEW YORK Rangers , Jacob Middleton 3 (Kasperi Kapanen 16, Andrew Copp 20) at 4:17
2. NEW YORK Rangers , Cam Fowler 12 (Tyler Myers 34, Conor Garland 17) at 7:07
3. NEW YORK Rangers , Mats Zuccarello 14 (Tyler Myers 35) at 8:49
4. NEW YORK Rangers , Conor Garland 12 (Timo Meier 31, Tyler Myers 36) at 15:23
5. NEW YORK Rangers , Justin Faulk 15 (Jared Spurgeon 42, Chris Kreider 30) at 18:15

Penalties :
No Penalty

2nd period

6. CHICAGO Blackhawks , Patrick Kane 13 (Aaron Ekblad 34, Matt Roy 28) at 17:33

Penalties :
Brayden Schenn (NYR) for Holding (Minor) at 8:45, Josh Manson (CHI) for Diving (Minor) at 10:56, Jacob Middleton (NYR) for Hooking (Minor) at 18:37

3rd period

7. CHICAGO Blackhawks , Conor Sheary 9 (Matt Roy 29) at 0:12 (PP)

Penalties :
Justin Faulk (NYR) for Holding (Minor) at 1:31, Josh Manson (CHI) for Holding (Minor) at 8:13, Jonathan Toews (CHI) for High sticking (Minor) at 16:47, Nicolas Hague (CHI) for Roughing (Minor) at 18:56

Goalie Stats

Linus Ullmark (NYR), 20 saves from 22 shots - (0,909), W, 36-10-5, 60:00 minutes
Frederik Andersen (CHI), 28 saves from 28 shots - (1,000), 41:45 minutes
James Reimer (CHI), 7 saves from 12 shots - (0,583), L, 4-8-0, 18:15 minutes

Players Stats for NEW YORK Rangers

Player Name              G  A  P  +/- PIM S  H  SB GA TA FO     MP     PP MP  PK MP  
------------------------------------------------------------------------------------
Andrew Copp              0  1  1   1  0   0  0  0  0  0  8/17   13:05   2:15   0:00 
Brayden Schenn           0  0  0   1  2   1  1  0  0  0  16/25  19:58   3:40   1:10 
Cam Fowler               1  0  1   3  0   4  0  2  0  0  0/0    21:17   3:43   2:16 
Casey Cizikas            0  0  0   0  0   0  0  0  0  0  3/7     6:04   0:00   0:00 
Chris Kreider            0  1  1   2  0   10 2  0  0  0  0/1    23:11   3:09   3:42 
Conor Garland            1  1  2   1  0   6  1  1  0  0  0/0    14:13   0:00   0:00 
Dante Fabbro             0  0  0   0  0   1  3  0  0  0  0/0    13:03   0:00   0:00 
Jacob Middleton          1  0  1   0  2   1  2  2  0  0  0/0    13:13   0:00   0:11 
Jamie Benn               0  0  0   2  0   4  9  0  0  0  21/45  23:11   3:09   3:42 
Jared Spurgeon           0  1  1   1  0   0  0  5  0  0  0/0    25:40   3:17   3:17 
Justin Faulk             1  0  1   1  2   3  3  1  0  0  0/0    24:23   3:17   2:01 
Kasperi Kapanen          0  1  1   1  0   1  0  0  0  0  0/0    13:36   2:46   0:00 
Kirill Marchenko         0  0  0   1  0   2  2  0  0  0  0/1    10:50   0:00   0:00 
Mats Zuccarello          1  0  1   2  0   5  0  0  0  0  0/0    17:25   1:05   0:00 
Ryan Lomberg             0  0  0   0  0   0  4  0  0  0  0/0     6:04   0:00   0:00 
Timo Meier               0  1  1   1  0   1  3  0  0  0  1/1    19:55   3:51   1:51 
Tyler Myers              0  3  3   3  0   0  1  0  0  0  0/0    22:22   3:43   3:21 
Vladislav Namestnikov    0  0  0   0  0   1  0  0  0  0  0/0     6:54   1:05   0:41 

Players Stats for CHICAGO Blackhawks

Player Name              G  A  P  +/- PIM S  H  SB GA TA FO     MP     PP MP  PK MP  
------------------------------------------------------------------------------------
Aaron Ekblad             0  1  1  -1  0   1  5  0  0  0  0/0    25:22   3:33   3:30 
Brett Ritchie            0  0  0   0  0   0  0  0  0  0  0/0     6:14   0:00   0:00 
Conor Sheary             1  0  1   0  0   1  1  0  0  0  0/1    20:38   3:30   4:04 
Eric Robinson            0  0  0  -1  0   1  0  1  0  0  0/0    11:48   0:00   0:00 
Erik Johnson             0  0  0  -2  0   2  1  3  0  0  0/0    22:57   2:00   3:30 
Jake Walman              0  0  0  -2  0   4  1  3  0  0  0/0    22:57   2:00   3:30 
Jonathan Toews           0  0  0  -3  2   2  1  0  0  0  13/30  18:23   2:03   0:00 
Josh Manson              0  0  0  -1  4   0  1  0  0  0  0/0    11:39   0:00   0:00 
Marcus Foligno           0  0  0   0  0   0  1  0  0  0  0/0    15:07   2:03   0:00 
Matt Roy                 0  2  2  -1  0   0  2  2  0  0  0/0    25:22   3:33   3:30 
Nicolas Hague            0  0  0  -1  2   0  1  0  0  0  0/0    11:40   0:00   0:00 
Patrick Kane             1  0  1  -3  0   3  2  0  0  0  2/7    24:06   3:30   4:15 
Ryan Johansen            0  0  0   0  0   4  1  0  0  0  15/24  18:08   3:30   1:34 
Taylor Raddysh           0  0  0   0  0   0  1  0  0  0  1/1     6:14   0:00   0:00 
Teuvo Teravainen         0  0  0  -3  0   1  2  0  0  0  2/5    20:44   2:03   2:20 
Tom Wilson               0  0  0  -1  0   1  0  0  0  0  0/1    11:48   0:00   0:00 
Trent Frederic           0  0  0  -1  0   1  2  0  0  0  10/20  13:35   0:00   1:47 
Tyler Motte              0  0  0   0  0   1  1  0  0  0  5/8     6:14   0:00   0:00 

3 Stars

1 - Tyler Myers (NYR)
2 - Conor Garland (NYR)
3 - Cam Fowler (NYR)

Power Play

NEW YORK Rangers - 0 on 4 Attempt(s) - 0,00%
CHICAGO Blackhawks - 1 on 3 Attempt(s) - 33,33%

Penalty Kill

NEW YORK Rangers - 2 on 3 Attempt(s) - 66,67% - Score 0 goal in Penalty Kill
CHICAGO Blackhawks - 4 on 4 Attempt(s) - 100,00% - Score 0 goal in Penalty Kill

Team Stat

NEW YORK Rangers - Hits : 31 - Faceoff Wins : 49 - Blocked Shots : 11 - Penalty Minutes : 6
CHICAGO Blackhawks - Hits : 23 - Faceoff Wins : 48 - Blocked Shots : 9 - Penalty Minutes : 8

Official

Referees : Jestina Vichorek and MacKenzie Welter
Linesman : Jessica Chartrand and Justine Todd

Game Notes

Frederik Andersen enters game at 18:15 of 1st period

Finance

Level 1 -- Attendance: 5300 (88,33%) -- Ticket Income $530,000
Level 2 -- Attendance: 4463 (89,26%) -- Ticket Income $267,780
Level 3 -- Attendance: 2000 (100,00%) -- Ticket Income $70,000
Level 4 -- Attendance: 4000 (100,00%) -- Ticket Income $80,000
Luxury Box -- Attendance: 735 (73,50%) -- Ticket Income $147,000
Game was played at the United Center.
Total Attendance: 16498 (91,66%)
Total Ticket Income: $1,094,780
Other Income: $273,695
Total Income: $1,368,475

NEW YORK Rangers

5 vs 5 Forward 
   Center                   Left Wing                Right Wing               Time % Phy DF OF 
 1 Jamie Benn               Chris Kreider            Mats Zuccarello          40     1   2  2  
 2 Brayden Schenn           Timo Meier               Conor Garland            30     1   2  2  
 3 Andrew Copp              Kasperi Kapanen          Kirill Marchenko         20     1   3  1  
 4 Casey Cizikas            Ryan Lomberg             Vladislav Namestnikov    10     3   2  0  

5 vs 5 Defense 
   Defense                  Defense                                           Time % Phy DF OF 
 1 Jared Spurgeon           Justin Faulk                                      40     0   3  2  
 2 Cam Fowler               Tyler Myers                                       33     1   3  1  
 3 Jacob Middleton          Dante Fabbro                                      26     2   2  1  
 4 Jared Spurgeon           Justin Faulk                                      1      1   2  2  

PowerPlay Forward 
   Center                   Left Wing                Right Wing               Time % Phy DF OF 
 1 Jamie Benn               Chris Kreider            Andrew Copp              60     1   2  2  
 2 Brayden Schenn           Timo Meier               Kasperi Kapanen          40     1   2  2  

PowerPlay Defense
   Defense                  Defense                                           Time % Phy DF OF 
 1 Jared Spurgeon           Justin Faulk                                      60     1   2  2  
 2 Cam Fowler               Tyler Myers                                       40     1   2  2  

Penalty Kill 4 Players Forward 
   Center                   Wing                     Time % Phy DF OF 
 1 Jamie Benn               Chris Kreider            60     1   2  2  
 2 Brayden Schenn           Timo Meier               40     1   2  2  

Penalty Kill 4 Players Defense
   Defense                  Defense                  Time % Phy DF OF 
 1 Jared Spurgeon           Justin Faulk             60     1   2  2  
 2 Cam Fowler               Tyler Myers              40     1   2  2  

Penalty Kill - 3 Players Forward 
   Forward                                           Time % Phy DF OF 
 1 Jamie Benn                                        60     1   2  2  
 2 Brayden Schenn                                    40     1   2  2  

Penalty Kill - 3 Players Defense
   Defense                  Defense                  Time % Phy DF OF 
 1 Jared Spurgeon           Justin Faulk             60     1   2  2  
 2 Cam Fowler               Tyler Myers              40     1   2  2  

4 vs 4 Forward 
   Center                   Wing                     Time % Phy DF OF 
 1 Jamie Benn               Chris Kreider            60     1   2  2  
 2 Brayden Schenn           Timo Meier               40     1   2  2  

4 vs 4 Defense
   Defense                  Defense                  Time % Phy DF OF 
 1 Jared Spurgeon           Justin Faulk             60     1   2  2  
 2 Cam Fowler               Tyler Myers              40     1   2  2  

Last Minutes Offensive
   Center                   Left Wing                Right Wing               Defense                  Defense                  
   Jamie Benn               Chris Kreider            Andrew Copp              Jared Spurgeon           Justin Faulk             

Last Minutes Defensive
   Center                   Left Wing                Right Wing               Defense                  Defense                  
   Jamie Benn               Chris Kreider            Andrew Copp              Jared Spurgeon           Justin Faulk             

Goaltenders
Starting : Linus Ullmark            
Backup : Eric Comrie              

Extra Forwards
Normal : Brayden Schenn, Andrew Copp, Conor Garland - PP : Brayden Schenn, Andrew Copp - PK : Brayden Schenn
Extra Defensemen
Normal : Tyler Myers, Jacob Middleton, Dante Fabbro - PP : Tyler Myers - PK : Tyler Myers, Jacob Middleton
Penalty Shots
Jamie Benn, Chris Kreider, Timo Meier, Mats Zuccarello, Brayden Schenn

Scratches
Mason Shaw (Healthy)

CHICAGO Blackhawks

5 vs 5 Forward 
   Center                   Left Wing                Right Wing               Time % Phy DF OF 
 1 Jonathan Toews           Teuvo Teravainen         Patrick Kane             40     0   1  4  
 2 Ryan Johansen            Conor Sheary             Marcus Foligno           30     1   1  3  
 3 Trent Frederic           Eric Robinson            Tom Wilson               20     1   3  1  
 4 Tyler Motte              Brett Ritchie            Taylor Raddysh           10     1   3  1  

5 vs 5 Defense 
   Defense                  Defense                                           Time % Phy DF OF 
 1 Aaron Ekblad             Matt Roy                                          40     1   2  2  
 2 Erik Johnson             Jake Walman                                       30     1   2  2  
 3 Nicolas Hague            Josh Manson                                       20     1   2  2  
 4 Aaron Ekblad             Matt Roy                                          10     1   2  2  

PowerPlay Forward 
   Center                   Left Wing                Right Wing               Time % Phy DF OF 
 1 Ryan Johansen            Conor Sheary             Patrick Kane             60     1   2  2  
 2 Jonathan Toews           Teuvo Teravainen         Marcus Foligno           40     1   2  2  

PowerPlay Defense
   Defense                  Defense                                           Time % Phy DF OF 
 1 Aaron Ekblad             Matt Roy                                          60     1   2  2  
 2 Erik Johnson             Jake Walman                                       40     1   2  2  

Penalty Kill 4 Players Forward 
   Center                   Wing                     Time % Phy DF OF 
 1 Patrick Kane             Conor Sheary             60     1   2  2  
 2 Teuvo Teravainen         Ryan Johansen            40     1   2  2  

Penalty Kill 4 Players Defense
   Defense                  Defense                  Time % Phy DF OF 
 1 Aaron Ekblad             Matt Roy                 60     1   2  2  
 2 Erik Johnson             Jake Walman              40     1   2  2  

Penalty Kill - 3 Players Forward 
   Forward                                           Time % Phy DF OF 
 1 Patrick Kane                                      60     1   2  2  
 2 Conor Sheary                                      40     1   2  2  

Penalty Kill - 3 Players Defense
   Defense                  Defense                  Time % Phy DF OF 
 1 Aaron Ekblad             Matt Roy                 60     1   2  2  
 2 Erik Johnson             Jake Walman              40     1   2  2  

4 vs 4 Forward 
   Center                   Wing                     Time % Phy DF OF 
 1 Patrick Kane             Conor Sheary             60     1   2  2  
 2 Teuvo Teravainen         Ryan Johansen            40     1   2  2  

4 vs 4 Defense
   Defense                  Defense                  Time % Phy DF OF 
 1 Aaron Ekblad             Matt Roy                 60     1   2  2  
 2 Erik Johnson             Jake Walman              40     1   2  2  

Last Minutes Offensive
   Center                   Left Wing                Right Wing               Defense                  Defense                  
   Ryan Johansen            Conor Sheary             Patrick Kane             Aaron Ekblad             Matt Roy                 

Last Minutes Defensive
   Center                   Left Wing                Right Wing               Defense                  Defense                  
   Ryan Johansen            Conor Sheary             Patrick Kane             Aaron Ekblad             Matt Roy                 

Goaltenders
Starting : James Reimer             
Backup : Frederik Andersen        

Extra Forwards
Normal : Brett Ritchie, Eric Robinson, Trent Frederic - PP : Brett Ritchie, Eric Robinson - PK : Trent Frederic
Extra Defensemen
Normal : Nicolas Hague, Josh Manson, Erik Johnson - PP : Nicolas Hague - PK : Josh Manson, Erik Johnson
Penalty Shots
Patrick Kane, Conor Sheary, Teuvo Teravainen, Ryan Johansen, Jonathan Toews

Scratches
Jakub Vrana (Healthy)

% Time on Ice - NEW YORK Rangers

Lines # - Real PCT - Wanted PCT - Time Play
Normal Forward
1 - 34% - 40% - 16:20
2 - 30% - 30% - 14:13
3 - 23% - 20% - 10:50
4 - 13% - 10% - 6:04
Normal Defense
1 - 38% - 40% - 18:04
2 - 32% - 33% - 15:18
3 - 28% - 26% - 13:03
4 - 2% - 1% - 1:02
PP Forward
1 - 45% - 60% - 3:09
2 - 55% - 40% - 3:51
PP Defense
1 - 47% - 60% - 3:17
2 - 53% - 40% - 3:43
PK Forward
1 - 67% - 60% - 3:42
2 - 33% - 40% - 1:51
PK Defense
1 - 59% - 60% - 3:17
2 - 41% - 40% - 2:16
PK3 Forward
1 - 0% - 60%
2 - 0% - 40%
PK3 Defense
1 - 0% - 60%
2 - 0% - 40%
44 Forward
1 - 0% - 60%
2 - 0% - 40%
44 Defense
1 - 0% - 60%
2 - 0% - 40%
Last Minute Offensive  - 0:00
Last Minute Defensive  - 0:00
Total
Forward - 60:00
Defense - 60:00

% Time on Ice - CHICAGO Blackhawks

Lines # - Real PCT - Wanted PCT - Time Play
Normal Forward
1 - 34% - 40% - 16:21
2 - 28% - 30% - 13:04
3 - 25% - 20% - 11:48
4 - 13% - 10% - 6:14
Normal Defense
1 - 34% - 40% - 16:19
2 - 37% - 30% - 17:27
3 - 25% - 20% - 11:41
4 - 4% - 10% - 2:00
PP Forward
1 - 63% - 60% - 3:30
2 - 37% - 40% - 2:03
PP Defense
1 - 64% - 60% - 3:33
2 - 36% - 40% - 2:00
PK Forward
1 - 78% - 60% - 5:26
2 - 22% - 40% - 1:34
PK Defense
1 - 50% - 60% - 3:30
2 - 50% - 40% - 3:30
PK3 Forward
1 - 0% - 60%
2 - 0% - 40%
PK3 Defense
1 - 0% - 60%
2 - 0% - 40%
44 Forward
1 - 0% - 60%
2 - 0% - 40%
44 Defense
1 - 0% - 60%
2 - 0% - 40%
Last Minute Offensive  - 0:00
Last Minute Defensive  - 0:00
Total
Forward - 60:00
Defense - 60:00

Play-by-Play

1st period


0:01 of 1st period - Jonathan Toews wins face-off versus Jamie Benn in neutral zone.
0:01 of 1st period - Aaron Ekblad is hit by Jamie Benn.
1:03 of 1st period - Matt Roy is hit by Brayden Schenn.
1:04 of 1st period - Icing by Matt Roy.
1:05 of 1st period - Jonathan Toews wins face-off versus Andrew Copp in CHICAGO Blackhawks zone.
1:44 of 1st period - Icing by Jake Walman.
1:45 of 1st period - Ryan Johansen wins face-off versus Brayden Schenn in CHICAGO Blackhawks zone.
1:47 of 1st period - Icing by Marcus Foligno.
1:48 of 1st period - Brayden Schenn wins face-off versus Ryan Johansen in CHICAGO Blackhawks zone.
1:55 of 1st period - Shot by Timo Meier.
1:55 of 1st period - Shot Misses the Net.
1:57 of 1st period - Shot by Timo Meier.
1:57 of 1st period - Shot Misses the Net.
2:14 of 1st period - Icing by Erik Johnson.
2:15 of 1st period - Casey Cizikas wins face-off versus Ryan Johansen in CHICAGO Blackhawks zone.
2:33 of 1st period - Icing by Conor Sheary.
2:34 of 1st period - Ryan Johansen wins face-off versus Jamie Benn in CHICAGO Blackhawks zone.
2:34 of 1st period - Ryan Johansen is hit by Chris Kreider.
3:38 of 1st period - Justin Faulk is hit by Matt Roy and loses puck.
3:56 of 1st period - Justin Faulk is hit by Tyler Motte and loses puck.
4:04 of 1st period - Off-side.
4:05 of 1st period - Andrew Copp wins face-off versus Jonathan Toews in neutral zone.
4:13 of 1st period - Shot by Andrew Copp.
4:13 of 1st period - Shot Blocked by Erik Johnson.
4:15 of 1st period - Shot by Kasperi Kapanen.
4:15 of 1st period - Shot Misses the Net.
4:17 of 1st period - Shot by Jacob Middleton.
4:17 of 1st period - Goal by Jacob Middleton - NEW YORK Rangers : 1 - CHICAGO Blackhawks : 0.
4:18 of 1st period - Ryan Johansen wins face-off versus Casey Cizikas in neutral zone.
4:30 of 1st period - Icing by Aaron Ekblad.
4:31 of 1st period - Ryan Johansen wins face-off versus Jamie Benn in CHICAGO Blackhawks zone.
4:31 of 1st period - Matt Roy is hit by Jamie Benn and loses puck.
4:49 of 1st period - Ryan Johansen is hit by Chris Kreider and loses puck.
4:58 of 1st period - Shot by Jamie Benn.
4:58 of 1st period - Shot Misses the Net.
5:04 of 1st period - Shot by Jamie Benn.
5:04 of 1st period - Deflect By Chris Kreider.
5:04 of 1st period - Shot Misses the Net.
5:14 of 1st period - Shot by Chris Kreider.
5:14 of 1st period - Shot Hit the Post.
5:49 of 1st period - Dante Fabbro is hit by Patrick Kane.
7:03 of 1st period - Shot by Conor Garland.
7:03 of 1st period - Shot Misses the Net.
7:05 of 1st period - Shot by Tyler Myers.
7:05 of 1st period - Shot Misses the Net.
7:07 of 1st period - Shot by Cam Fowler.
7:07 of 1st period - Goal by Cam Fowler - NEW YORK Rangers : 2 - CHICAGO Blackhawks : 0.
7:08 of 1st period - Casey Cizikas wins face-off versus Tyler Motte in neutral zone.
8:03 of 1st period - Aaron Ekblad is hit by Ryan Lomberg.
8:49 of 1st period - Shot by Mats Zuccarello.
8:49 of 1st period - Goal by Mats Zuccarello - NEW YORK Rangers : 3 - CHICAGO Blackhawks : 0.
8:50 of 1st period - Trent Frederic wins face-off versus Brayden Schenn in neutral zone.
8:50 of 1st period - Trent Frederic is hit by Timo Meier.
9:21 of 1st period - Eric Robinson is hit by Dante Fabbro and loses puck.
9:32 of 1st period - Shot by Tom Wilson.
9:32 of 1st period - Shot Misses the Net.
9:58 of 1st period - Shot by Teuvo Teravainen.
9:58 of 1st period - Deflect By Jonathan Toews.
9:58 of 1st period - Shot Blocked by Jacob Middleton.
10:00 of 1st period - Shot by Teuvo Teravainen.
10:00 of 1st period - Stopped by Linus Ullmark with a rebound.
10:33 of 1st period - Timo Meier is hit by Aaron Ekblad and loses puck.
10:45 of 1st period - Off-side.
10:46 of 1st period - Tyler Motte wins face-off versus Jamie Benn in neutral zone.
11:04 of 1st period - Icing by Jake Walman.
11:05 of 1st period - Tyler Motte wins face-off versus Andrew Copp in CHICAGO Blackhawks zone.
11:37 of 1st period - Icing by Kasperi Kapanen.
11:38 of 1st period - Andrew Copp wins face-off versus Jonathan Toews in NEW YORK Rangers zone.
12:48 of 1st period - Shot by Nicolas Hague.
12:48 of 1st period - Shot Misses the Net.
12:54 of 1st period - Shot by Conor Sheary.
12:54 of 1st period - Shot Misses the Net.
13:17 of 1st period - Icing by Jacob Middleton.
13:18 of 1st period - Trent Frederic wins face-off versus Casey Cizikas in NEW YORK Rangers zone.
13:18 of 1st period - Jake Walman is hit by Jacob Middleton and loses puck.
14:20 of 1st period - Brayden Schenn is hit by Jake Walman.
14:27 of 1st period - Icing by Jake Walman.
14:28 of 1st period - Trent Frederic wins face-off versus Jamie Benn in CHICAGO Blackhawks zone.
15:01 of 1st period - Shot by Jamie Benn.
15:01 of 1st period - Stopped by James Reimer without a rebound.
15:02 of 1st period - Timo Meier wins face-off versus Jonathan Toews in CHICAGO Blackhawks zone.
15:23 of 1st period - Shot by Conor Garland.
15:23 of 1st period - Goal by Conor Garland - NEW YORK Rangers : 4 - CHICAGO Blackhawks : 0.
15:24 of 1st period - Andrew Copp wins face-off versus Ryan Johansen in neutral zone.
15:44 of 1st period - Conor Sheary is hit by Justin Faulk.
15:56 of 1st period - Nicolas Hague is hit by Kirill Marchenko.
16:35 of 1st period - Mats Zuccarello is hit by Aaron Ekblad and loses puck.
16:38 of 1st period - Shot by Chris Kreider.
16:38 of 1st period - Stopped by James Reimer without a rebound.
16:39 of 1st period - Tyler Motte wins face-off versus Brayden Schenn in CHICAGO Blackhawks zone.
16:44 of 1st period - Timo Meier is hit by Taylor Raddysh.
16:55 of 1st period - Icing by Matt Roy.
16:56 of 1st period - Jamie Benn wins face-off versus Tyler Motte in CHICAGO Blackhawks zone.
17:21 of 1st period - Shot by Jamie Benn.
17:21 of 1st period - Deflect By Chris Kreider.
17:21 of 1st period - Stopped by James Reimer without a rebound.
17:22 of 1st period - Brayden Schenn wins face-off versus Jonathan Toews in CHICAGO Blackhawks zone.
17:37 of 1st period - Shot by Conor Garland.
17:37 of 1st period - Stopped by James Reimer with a rebound.
17:45 of 1st period - Shot by Brayden Schenn.
17:45 of 1st period - Stopped by James Reimer without a rebound.
17:46 of 1st period - Ryan Johansen wins face-off versus Jamie Benn in CHICAGO Blackhawks zone.
17:59 of 1st period - Shot by Ryan Johansen.
17:59 of 1st period - Stopped by Linus Ullmark without a rebound.
18:00 of 1st period - Brayden Schenn wins face-off versus Teuvo Teravainen in NEW YORK Rangers zone.
18:05 of 1st period - Shot by Conor Garland.
18:05 of 1st period - Stopped by James Reimer without a rebound.
18:06 of 1st period - Jamie Benn wins face-off versus Jonathan Toews in CHICAGO Blackhawks zone.
18:11 of 1st period - Shot by Chris Kreider.
18:11 of 1st period - Stopped by James Reimer with a rebound.
18:13 of 1st period - Shot by Jared Spurgeon.
18:13 of 1st period - Shot Misses the Net.
18:15 of 1st period - Shot by Justin Faulk.
18:15 of 1st period - Goal by Justin Faulk - NEW YORK Rangers : 5 - CHICAGO Blackhawks : 0.
18:15 of 1st period - Frederik Andersen enters game.
18:16 of 1st period - Brayden Schenn wins face-off versus Ryan Johansen in neutral zone.
18:38 of 1st period - Jared Spurgeon is hit by Aaron Ekblad and loses puck.
18:57 of 1st period - Shot by Marcus Foligno.
18:57 of 1st period - Shot Blocked by Conor Garland.
18:59 of 1st period - Shot by Ryan Johansen.
18:59 of 1st period - Stopped by Linus Ullmark without a rebound.
19:00 of 1st period - Jonathan Toews wins face-off versus Jamie Benn in NEW YORK Rangers zone.
19:17 of 1st period - Shot by Mats Zuccarello.
19:17 of 1st period - Shot Blocked by Jake Walman.
19:19 of 1st period - Shot by Mats Zuccarello.
19:19 of 1st period - Stopped by Frederik Andersen without a rebound.
19:20 of 1st period - Andrew Copp wins face-off versus Trent Frederic in CHICAGO Blackhawks zone.
19:21 of 1st period - Shot by Dante Fabbro.
19:21 of 1st period - Stopped by Frederik Andersen without a rebound.
19:22 of 1st period - Jamie Benn wins face-off versus Jonathan Toews in CHICAGO Blackhawks zone.
19:27 of 1st period - Shot by Chris Kreider.
19:27 of 1st period - Stopped by Frederik Andersen with a rebound.
19:33 of 1st period - Shot by Mats Zuccarello.
19:33 of 1st period - Stopped by Frederik Andersen with a rebound.
19:39 of 1st period - Shot by Mats Zuccarello.
19:39 of 1st period - Stopped by Frederik Andersen with a rebound.
Goals for this period are 5 for NEW YORK Rangers vs 0 for CHICAGO Blackhawks.
Shots for this period are 17 for NEW YORK Rangers vs 3 for CHICAGO Blackhawks.

2nd period


0:01 of 2nd period - Jamie Benn wins face-off versus Jonathan Toews in neutral zone.
0:01 of 2nd period - Justin Faulk is hit by Teuvo Teravainen and loses puck.
0:22 of 2nd period - Shot by Chris Kreider.
0:22 of 2nd period - Stopped by Frederik Andersen without a rebound.
0:23 of 2nd period - Andrew Copp wins face-off versus Conor Sheary in CHICAGO Blackhawks zone.
1:05 of 2nd period - Shot by Ryan Johansen.
1:05 of 2nd period - Stopped by Linus Ullmark with a rebound.
1:17 of 2nd period - Cam Fowler is hit by Ryan Johansen and loses puck.
1:44 of 2nd period - Shot by Patrick Kane.
1:44 of 2nd period - Shot Blocked by Jared Spurgeon.
1:46 of 2nd period - Shot by Aaron Ekblad.
1:46 of 2nd period - Shot Misses the Net.
1:48 of 2nd period - Shot by Patrick Kane.
1:48 of 2nd period - Stopped by Linus Ullmark without a rebound.
1:49 of 2nd period - Brayden Schenn wins face-off versus Trent Frederic in NEW YORK Rangers zone.
1:56 of 2nd period - Shot by Eric Robinson.
1:56 of 2nd period - Stopped by Linus Ullmark without a rebound.
1:57 of 2nd period - Jamie Benn wins face-off versus Trent Frederic in NEW YORK Rangers zone.
2:02 of 2nd period - Shot by Chris Kreider.
2:02 of 2nd period - Stopped by Frederik Andersen without a rebound.
2:03 of 2nd period - Jonathan Toews wins face-off versus Jamie Benn in CHICAGO Blackhawks zone.
2:22 of 2nd period - Justin Faulk is hit by Teuvo Teravainen and loses puck.
2:29 of 2nd period - Icing by Jared Spurgeon.
2:30 of 2nd period - Ryan Johansen wins face-off versus Jamie Benn in NEW YORK Rangers zone.
2:56 of 2nd period - Shot by Chris Kreider.
2:56 of 2nd period - Stopped by Frederik Andersen without a rebound.
2:57 of 2nd period - Jonathan Toews wins face-off versus Brayden Schenn in CHICAGO Blackhawks zone.
3:08 of 2nd period - Shot by Conor Garland.
3:08 of 2nd period - Stopped by Frederik Andersen without a rebound.
3:09 of 2nd period - Trent Frederic wins face-off versus Casey Cizikas in CHICAGO Blackhawks zone.
3:09 of 2nd period - Trent Frederic is hit by Ryan Lomberg.
4:32 of 2nd period - Icing by Patrick Kane.
4:33 of 2nd period - Jamie Benn wins face-off versus Teuvo Teravainen in CHICAGO Blackhawks zone.
4:44 of 2nd period - Shot by Jacob Middleton.
4:44 of 2nd period - Shot Misses the Net.
5:05 of 2nd period - Icing by Jake Walman.
5:06 of 2nd period - Jonathan Toews wins face-off versus Brayden Schenn in CHICAGO Blackhawks zone.
6:00 of 2nd period - Conor Garland is hit by Marcus Foligno and loses puck.
6:14 of 2nd period - Jared Spurgeon is hit by Nicolas Hague and loses puck.
6:18 of 2nd period - Icing by Nicolas Hague.
6:19 of 2nd period - Jamie Benn wins face-off versus Tom Wilson in CHICAGO Blackhawks zone.
6:29 of 2nd period - Icing by Trent Frederic.
6:30 of 2nd period - Andrew Copp wins face-off versus Trent Frederic in CHICAGO Blackhawks zone.
6:42 of 2nd period - Icing by Tom Wilson.
6:43 of 2nd period - Jamie Benn wins face-off versus Trent Frederic in CHICAGO Blackhawks zone.
7:07 of 2nd period - Icing by Nicolas Hague.
7:08 of 2nd period - Trent Frederic wins face-off versus Andrew Copp in CHICAGO Blackhawks zone.
7:36 of 2nd period - Icing by Tyler Myers.
7:37 of 2nd period - Andrew Copp wins face-off versus Jonathan Toews in NEW YORK Rangers zone.
7:50 of 2nd period - Shot by Kirill Marchenko.
7:50 of 2nd period - Stopped by Frederik Andersen without a rebound.
7:51 of 2nd period - Ryan Johansen wins face-off versus Jamie Benn in CHICAGO Blackhawks zone.
7:51 of 2nd period - Marcus Foligno is hit by Jamie Benn and loses puck.
8:16 of 2nd period - Shot by Mats Zuccarello.
8:16 of 2nd period - Shot Misses the Net.
8:18 of 2nd period - Shot by Justin Faulk.
8:18 of 2nd period - Shot Misses the Net.
8:20 of 2nd period - Shot by Mats Zuccarello.
8:20 of 2nd period - Stopped by Frederik Andersen without a rebound.
8:21 of 2nd period - Brayden Schenn wins face-off versus Jonathan Toews in CHICAGO Blackhawks zone.
8:24 of 2nd period - Shot by Timo Meier.
8:24 of 2nd period - Shot Blocked by Matt Roy.
8:45 of 2nd period - Minor Penalty to Brayden Schenn for Holding.
8:46 of 2nd period - Jamie Benn wins face-off versus Ryan Johansen in NEW YORK Rangers zone.
8:59 of 2nd period - Shot by Jake Walman.
8:59 of 2nd period - Shot Blocked by Jared Spurgeon.
9:01 of 2nd period - Shot by Ryan Johansen.
9:01 of 2nd period - Shot Misses the Net.
9:03 of 2nd period - Shot by Conor Sheary.
9:03 of 2nd period - Shot Misses the Net.
9:05 of 2nd period - Shot by Erik Johnson.
9:05 of 2nd period - Stopped by Linus Ullmark with a rebound.
9:07 of 2nd period - Shot by Erik Johnson.
9:07 of 2nd period - Shot Misses the Net.
9:17 of 2nd period - Conor Sheary is hit by Jamie Benn and loses puck.
10:12 of 2nd period - Shot by Jonathan Toews.
10:12 of 2nd period - Stopped by Linus Ullmark without a rebound.
10:13 of 2nd period - Jamie Benn wins face-off versus Jonathan Toews in NEW YORK Rangers zone.
10:56 of 2nd period - Minor Penalty to Josh Manson for Diving.
10:57 of 2nd period - Brayden Schenn wins face-off versus Patrick Kane in CHICAGO Blackhawks zone.
10:58 of 2nd period - Shot by Justin Faulk.
10:58 of 2nd period - Shot Misses the Net.
11:07 of 2nd period - Timo Meier is hit by Erik Johnson and loses puck.
11:18 of 2nd period - Shot by Justin Faulk.
11:18 of 2nd period - Stopped by Frederik Andersen without a rebound.
11:19 of 2nd period - Jamie Benn wins face-off versus Patrick Kane in CHICAGO Blackhawks zone.
12:32 of 2nd period - Shot by Kasperi Kapanen.
12:32 of 2nd period - Stopped by Frederik Andersen without a rebound.
12:33 of 2nd period - Teuvo Teravainen wins face-off versus Brayden Schenn in CHICAGO Blackhawks zone.
12:39 of 2nd period - Icing by Tyler Myers.
12:40 of 2nd period - Brayden Schenn wins face-off versus Patrick Kane in NEW YORK Rangers zone.
12:40 of 2nd period - Brayden Schenn is hit by Trent Frederic.
13:09 of 2nd period - Icing by Nicolas Hague.
13:10 of 2nd period - Tyler Motte wins face-off versus Jamie Benn in CHICAGO Blackhawks zone.
13:52 of 2nd period - Shot by Jamie Benn.
13:52 of 2nd period - Stopped by Frederik Andersen without a rebound.
13:53 of 2nd period - Jonathan Toews wins face-off versus Brayden Schenn in CHICAGO Blackhawks zone.
13:53 of 2nd period - Jonathan Toews is hit by Timo Meier.
14:34 of 2nd period - Shot by Jonathan Toews.
14:34 of 2nd period - Shot Blocked by Cam Fowler.
15:01 of 2nd period - Shot by Ryan Johansen.
15:01 of 2nd period - Deflect By Conor Sheary.
15:01 of 2nd period - Shot Misses the Net.
15:03 of 2nd period - Shot by Jake Walman.
15:03 of 2nd period - Stopped by Linus Ullmark without a rebound.
15:04 of 2nd period - Jamie Benn wins face-off versus Trent Frederic in NEW YORK Rangers zone.
15:12 of 2nd period - Off-side.
15:13 of 2nd period - Ryan Johansen wins face-off versus Jamie Benn in neutral zone.
15:18 of 2nd period - Shot by Conor Sheary.
15:18 of 2nd period - Deflect By Ryan Johansen.
15:18 of 2nd period - Shot Misses the Net.
15:26 of 2nd period - Conor Sheary is hit by Jamie Benn and loses puck.
16:12 of 2nd period - Shot by Andrew Copp.
16:12 of 2nd period - Deflect By Kirill Marchenko.
16:12 of 2nd period - Shot Blocked by Jake Walman.
16:17 of 2nd period - Icing by Conor Sheary.
16:18 of 2nd period - Ryan Johansen wins face-off versus Casey Cizikas in CHICAGO Blackhawks zone.
16:18 of 2nd period - Marcus Foligno is hit by Ryan Lomberg and loses puck.
16:22 of 2nd period - Marcus Foligno is hit by Ryan Lomberg and loses puck.
17:00 of 2nd period - Shot by Jonathan Toews.
17:00 of 2nd period - Stopped by Linus Ullmark without a rebound.
17:01 of 2nd period - Brayden Schenn wins face-off versus Jonathan Toews in NEW YORK Rangers zone.
17:01 of 2nd period - Brayden Schenn is hit by Jonathan Toews.
17:33 of 2nd period - Shot by Patrick Kane.
17:33 of 2nd period - Goal by Patrick Kane - NEW YORK Rangers : 5 - CHICAGO Blackhawks : 1.
17:34 of 2nd period - Trent Frederic wins face-off versus Jamie Benn in neutral zone.
17:34 of 2nd period - Nicolas Hague is hit by Jamie Benn and loses puck.
17:41 of 2nd period - Shot by Jamie Benn.
17:41 of 2nd period - Stopped by Frederik Andersen without a rebound.
17:42 of 2nd period - Jamie Benn wins face-off versus Trent Frederic in CHICAGO Blackhawks zone.
18:12 of 2nd period - Shot by Eric Robinson.
18:12 of 2nd period - Shot Blocked by Jared Spurgeon.
18:18 of 2nd period - Shot by Trent Frederic.
18:18 of 2nd period - Stopped by Linus Ullmark without a rebound.
18:19 of 2nd period - Jonathan Toews wins face-off versus Andrew Copp in NEW YORK Rangers zone.
18:29 of 2nd period - Icing by Jacob Middleton.
18:30 of 2nd period - Ryan Johansen wins face-off versus Andrew Copp in NEW YORK Rangers zone.
18:30 of 2nd period - Ryan Johansen is hit by Dante Fabbro.
18:37 of 2nd period - Minor Penalty to Jacob Middleton for Hooking.
18:38 of 2nd period - Ryan Johansen wins face-off versus Jamie Benn in NEW YORK Rangers zone.
18:41 of 2nd period - Shot by Aaron Ekblad.
18:41 of 2nd period - Shot Misses the Net.
18:57 of 2nd period - Shot by Conor Sheary.
18:57 of 2nd period - Shot Hit the Post.
19:13 of 2nd period - Shot by Matt Roy.
19:13 of 2nd period - Deflect By Ryan Johansen.
19:13 of 2nd period - Shot Misses the Net.
19:57 of 2nd period - Shot by Jake Walman.
19:57 of 2nd period - Stopped by Linus Ullmark without a rebound.
19:58 of 2nd period - Jonathan Toews wins face-off versus Jamie Benn in NEW YORK Rangers zone.
19:58 of 2nd period - Jonathan Toews is hit by Justin Faulk.
Goals for this period are 0 for NEW YORK Rangers vs 1 for CHICAGO Blackhawks.
Shots for this period are 10 for NEW YORK Rangers vs 10 for CHICAGO Blackhawks.

3rd period


0:01 of 3rd period - Jamie Benn wins face-off versus Ryan Johansen in neutral zone.
0:12 of 3rd period - Shot by Conor Sheary.
0:12 of 3rd period - Goal by Conor Sheary - NEW YORK Rangers : 5 - CHICAGO Blackhawks : 2.
0:13 of 3rd period - Trent Frederic wins face-off versus Brayden Schenn in neutral zone.
0:13 of 3rd period - Trent Frederic is hit by Conor Garland.
0:31 of 3rd period - Shot by Timo Meier.
0:31 of 3rd period - Shot Blocked by Eric Robinson.
0:43 of 3rd period - Shot by Conor Garland.
0:43 of 3rd period - Shot Blocked by Jake Walman.
0:55 of 3rd period - Shot by Conor Garland.
0:55 of 3rd period - Shot Misses the Net.
0:57 of 3rd period - Shot by Cam Fowler.
0:57 of 3rd period - Stopped by Frederik Andersen without a rebound.
0:58 of 3rd period - Jamie Benn wins face-off versus Jonathan Toews in CHICAGO Blackhawks zone.
1:31 of 3rd period - Minor Penalty to Justin Faulk for Holding.
1:32 of 3rd period - Ryan Johansen wins face-off versus Chris Kreider in NEW YORK Rangers zone.
1:41 of 3rd period - Shot by Jake Walman.
1:41 of 3rd period - Stopped by Linus Ullmark without a rebound.
1:42 of 3rd period - Ryan Johansen wins face-off versus Jamie Benn in NEW YORK Rangers zone.
1:43 of 3rd period - Shot by Matt Roy.
1:43 of 3rd period - Shot Misses the Net.
1:45 of 3rd period - Shot by Aaron Ekblad.
1:45 of 3rd period - Shot Blocked by Jared Spurgeon.
1:47 of 3rd period - Shot by Matt Roy.
1:47 of 3rd period - Shot Blocked by Jared Spurgeon.
1:49 of 3rd period - Shot by Aaron Ekblad.
1:49 of 3rd period - Stopped by Linus Ullmark with a rebound.
2:02 of 3rd period - Icing by Matt Roy.
2:03 of 3rd period - Ryan Johansen wins face-off versus Jamie Benn in CHICAGO Blackhawks zone.
2:08 of 3rd period - Jared Spurgeon is hit by Conor Sheary and loses puck.
2:13 of 3rd period - Shot by Aaron Ekblad.
2:13 of 3rd period - Shot Misses the Net.
2:15 of 3rd period - Shot by Patrick Kane.
2:15 of 3rd period - Stopped by Linus Ullmark without a rebound.
2:16 of 3rd period - Brayden Schenn wins face-off versus Jonathan Toews in NEW YORK Rangers zone.
2:24 of 3rd period - Icing by Marcus Foligno.
2:25 of 3rd period - Jonathan Toews wins face-off versus Jamie Benn in CHICAGO Blackhawks zone.
2:41 of 3rd period - Shot by Jake Walman.
2:41 of 3rd period - Stopped by Linus Ullmark without a rebound.
2:42 of 3rd period - Jamie Benn wins face-off versus Ryan Johansen in NEW YORK Rangers zone.
3:39 of 3rd period - Shot by Andrew Copp.
3:39 of 3rd period - Deflect By Kirill Marchenko.
3:39 of 3rd period - Stopped by Frederik Andersen without a rebound.
3:40 of 3rd period - Tyler Motte wins face-off versus Kirill Marchenko in CHICAGO Blackhawks zone.
3:48 of 3rd period - Icing by Jacob Middleton.
3:49 of 3rd period - Trent Frederic wins face-off versus Andrew Copp in NEW YORK Rangers zone.
4:05 of 3rd period - Off-side.
4:06 of 3rd period - Taylor Raddysh wins face-off versus Jamie Benn in neutral zone.
4:13 of 3rd period - Shot by Aaron Ekblad.
4:13 of 3rd period - Deflect By Taylor Raddysh.
4:13 of 3rd period - Shot Blocked by Justin Faulk.
4:23 of 3rd period - Shot by Taylor Raddysh.
4:23 of 3rd period - Shot Misses the Net.
4:29 of 3rd period - Shot by Tyler Motte.
4:29 of 3rd period - Stopped by Linus Ullmark without a rebound.
4:30 of 3rd period - Brayden Schenn wins face-off versus Jonathan Toews in NEW YORK Rangers zone.
5:05 of 3rd period - Shot by Patrick Kane.
5:05 of 3rd period - Shot Blocked by Cam Fowler.
5:07 of 3rd period - Shot by Erik Johnson.
5:07 of 3rd period - Stopped by Linus Ullmark with a rebound.
6:00 of 3rd period - Shot by Jamie Benn.
6:00 of 3rd period - Stopped by Frederik Andersen without a rebound.
6:01 of 3rd period - Trent Frederic wins face-off versus Andrew Copp in CHICAGO Blackhawks zone.
6:01 of 3rd period - Trent Frederic is hit by Kirill Marchenko.
6:04 of 3rd period - Icing by Tom Wilson.
6:05 of 3rd period - Jamie Benn wins face-off versus Trent Frederic in CHICAGO Blackhawks zone.
6:26 of 3rd period - Shot by Chris Kreider.
6:26 of 3rd period - Stopped by Frederik Andersen without a rebound.
6:27 of 3rd period - Andrew Copp wins face-off versus Jonathan Toews in CHICAGO Blackhawks zone.
7:00 of 3rd period - Shot by Aaron Ekblad.
7:00 of 3rd period - Shot Misses the Net.
7:02 of 3rd period - Shot by Matt Roy.
7:02 of 3rd period - Shot Blocked by Jacob Middleton.
7:04 of 3rd period - Shot by Teuvo Teravainen.
7:04 of 3rd period - Shot Misses the Net.
7:06 of 3rd period - Shot by Patrick Kane.
7:06 of 3rd period - Shot Misses the Net.
7:28 of 3rd period - Shot by Conor Sheary.
7:28 of 3rd period - Shot Misses the Net.
7:46 of 3rd period - Shot by Erik Johnson.
7:46 of 3rd period - Shot Misses the Net.
8:09 of 3rd period - Andrew Copp is hit by Trent Frederic and loses puck.
8:13 of 3rd period - Minor Penalty to Josh Manson for Holding.
8:14 of 3rd period - Jamie Benn wins face-off versus Patrick Kane in CHICAGO Blackhawks zone.
8:17 of 3rd period - Shot by Chris Kreider.
8:17 of 3rd period - Stopped by Frederik Andersen without a rebound.
8:18 of 3rd period - Jamie Benn wins face-off versus Patrick Kane in CHICAGO Blackhawks zone.
8:51 of 3rd period - Shot by Justin Faulk.
8:51 of 3rd period - Stopped by Frederik Andersen with a rebound.
10:22 of 3rd period - Shot by Tyler Motte.
10:22 of 3rd period - Shot Misses the Net.
10:29 of 3rd period - Taylor Raddysh is hit by Justin Faulk and loses puck.
11:39 of 3rd period - Icing by Trent Frederic.
11:40 of 3rd period - Jamie Benn wins face-off versus Trent Frederic in CHICAGO Blackhawks zone.
12:00 of 3rd period - Jake Walman is hit by Tyler Myers.
12:12 of 3rd period - Icing by Eric Robinson.
12:13 of 3rd period - Casey Cizikas wins face-off versus Trent Frederic in CHICAGO Blackhawks zone.
12:38 of 3rd period - Shot by Vladislav Namestnikov.
12:38 of 3rd period - Shot Misses the Net.
12:40 of 3rd period - Shot by Vladislav Namestnikov.
12:40 of 3rd period - Stopped by Frederik Andersen without a rebound.
12:41 of 3rd period - Ryan Johansen wins face-off versus Andrew Copp in CHICAGO Blackhawks zone.
13:00 of 3rd period - Shot by Conor Sheary.
13:00 of 3rd period - Shot Misses the Net.
13:06 of 3rd period - Shot by Ryan Johansen.
13:06 of 3rd period - Stopped by Linus Ullmark without a rebound.
13:07 of 3rd period - Jonathan Toews wins face-off versus Jamie Benn in NEW YORK Rangers zone.
13:17 of 3rd period - Off-side.
13:18 of 3rd period - Brayden Schenn wins face-off versus Tyler Motte in neutral zone.
13:20 of 3rd period - Justin Faulk is hit by Matt Roy and loses puck.
13:25 of 3rd period - Shot by Conor Garland.
13:25 of 3rd period - Stopped by Frederik Andersen with a rebound.
13:41 of 3rd period - Shot by Taylor Raddysh.
13:41 of 3rd period - Shot Misses the Net.
13:53 of 3rd period - Shot by Taylor Raddysh.
13:53 of 3rd period - Shot Misses the Net.
13:56 of 3rd period - Icing by Jared Spurgeon.
13:57 of 3rd period - Brayden Schenn wins face-off versus Jonathan Toews in NEW YORK Rangers zone.
13:57 of 3rd period - Brayden Schenn is hit by Patrick Kane.
14:03 of 3rd period - Shot by Conor Garland.
14:03 of 3rd period - Stopped by Frederik Andersen without a rebound.
14:04 of 3rd period - Jonathan Toews wins face-off versus Jamie Benn in CHICAGO Blackhawks zone.
14:43 of 3rd period - Shot by Mats Zuccarello.
14:43 of 3rd period - Deflect By Chris Kreider.
14:43 of 3rd period - Stopped by Frederik Andersen without a rebound.
14:44 of 3rd period - Brayden Schenn wins face-off versus Ryan Johansen in CHICAGO Blackhawks zone.
14:45 of 3rd period - Shot by Conor Garland.
14:45 of 3rd period - Shot Misses the Net.
14:47 of 3rd period - Shot by Conor Garland.
14:47 of 3rd period - Deflect By Timo Meier.
14:47 of 3rd period - Stopped by Frederik Andersen without a rebound.
14:48 of 3rd period - Brayden Schenn wins face-off versus Ryan Johansen in CHICAGO Blackhawks zone.
14:59 of 3rd period - Ryan Johansen is hit by Timo Meier and loses puck.
15:26 of 3rd period - Icing by Jared Spurgeon.
15:27 of 3rd period - Jonathan Toews wins face-off versus Brayden Schenn in NEW YORK Rangers zone.
16:02 of 3rd period - Shot by Chris Kreider.
16:02 of 3rd period - Shot Blocked by Erik Johnson.
16:04 of 3rd period - Shot by Cam Fowler.
16:04 of 3rd period - Stopped by Frederik Andersen without a rebound.
16:05 of 3rd period - Trent Frederic wins face-off versus Andrew Copp in CHICAGO Blackhawks zone.
16:19 of 3rd period - Tom Wilson is hit by Dante Fabbro and loses puck.
16:37 of 3rd period - Eric Robinson is hit by Jacob Middleton and loses puck.
16:44 of 3rd period - Shot by Tom Wilson.
16:44 of 3rd period - Stopped by Linus Ullmark without a rebound.
16:45 of 3rd period - Jamie Benn wins face-off versus Jonathan Toews in NEW YORK Rangers zone.
16:47 of 3rd period - Minor Penalty to Jonathan Toews for High sticking.
16:48 of 3rd period - Patrick Kane wins face-off versus Jamie Benn in CHICAGO Blackhawks zone.
16:48 of 3rd period - Patrick Kane is hit by Jamie Benn.
17:26 of 3rd period - Teuvo Teravainen is hit by Jamie Benn and loses puck.
17:44 of 3rd period - Tyler Myers is hit by Aaron Ekblad and loses puck.
17:56 of 3rd period - Brayden Schenn is hit by Aaron Ekblad and loses puck.
18:07 of 3rd period - Shot by Cam Fowler.
18:07 of 3rd period - Stopped by Frederik Andersen without a rebound.
18:08 of 3rd period - Teuvo Teravainen wins face-off versus Jamie Benn in CHICAGO Blackhawks zone.
18:08 of 3rd period - Teuvo Teravainen is hit by Jamie Benn.
18:36 of 3rd period - Shot by Jared Spurgeon.
18:36 of 3rd period - Shot Blocked by Erik Johnson.
18:55 of 3rd period - Casey Cizikas is hit by Josh Manson and loses puck.
18:56 of 3rd period - Minor Penalty to Nicolas Hague for Roughing.
18:57 of 3rd period - Brayden Schenn wins face-off versus Teuvo Teravainen in CHICAGO Blackhawks zone.
19:14 of 3rd period - Shot by Tyler Myers.
19:14 of 3rd period - Shot Blocked by Matt Roy.
19:34 of 3rd period - Shot by Timo Meier.
19:34 of 3rd period - Shot Misses the Net.
19:56 of 3rd period - Icing by Andrew Copp.
19:57 of 3rd period - Patrick Kane wins face-off versus Jamie Benn in NEW YORK Rangers zone.
Goals for this period are 0 for NEW YORK Rangers vs 1 for CHICAGO Blackhawks.
Shots for this period are 13 for NEW YORK Rangers vs 9 for CHICAGO Blackhawks. Output by the SimonT Hockey Simulator (STHS) for Martin Benoit - Original Page W3C HTML5 Valid
Hockey Simulator - Hockey Simulation - Hockey Manager